 Dungeon Sprint DCSS version 0.19.0-22-gd96e5fe (webtiles) character file.

18562 dobroeutro the Ninja (level 12, -3/53 (54) HPs)
             Began as a Spriggan Assassin on Nov 19, 2016.
             Was the Champion of Dithmenos.
             Killed from afar by a fire giant (56 damage)
             ... with a fireball
             ... in the Dungeon (Sprint I: "Red Sonja").
             The game lasted 00:17:35 (2408 turns).

dobroeutro the Ninja (Spriggan Assassin)            Turns: 2408, Time: 00:17:35

HP:   -3/53 (54)    AC:  5    Str:  7    XL:     12   Next: 28%
MP:   21/24         EV: 33    Int: 10    God:    Dithmenos [******]
Gold: 730           SH:  0    Dex: 20    Spells: 0 memorised, 11 levels left

rFire  . . .     SeeInvis +     v - +4 dagger (freeze)
rCold  + . .     Gourm    .     w - +2 robe of the Sunfish {rN+ rCorr}
rNeg   + . .     Faith    .     (shield restricted)
rPois  .         Spirit   .     (helmet restricted)
rElec  .         Reflect  .     x - +1 cloak "Cix Ase" {+Inv rC+ MR++ Regen+ Int-3}
rCorr  +         Harm     .     (gloves unavailable)
MR     ++++.     Rnd*Rage +     (boots unavailable)
Stlth  ++++++++++ NoTele   +    (no amulet)
                                (no ring)
                                (no ring)

@: wreathed by umbra, very quick
A: unfitting armour, camouflage 1, see invisible, berserk 2, clumsy 1, deformed
body, deterioration 1, herbivore 3, speed 3, frail 2, screaming 1, slow
metabolism 2, MP-powered wands
a: Shadow Step, Shadow Form, Renounce Religion, Evoke Invisibility


You were in the Dungeon.
You worshipped Dithmenos.
Dithmenos was exalted by your worship.
You were not hungry.

You visited 1 branch You collected 1514 gold pieces.
You spent 784 gold pieces at shops.

Inventory:

Hand Weapons
 a - the +8 autumn katana {slice, Clar}
   (You found it in the Dungeon)

   It inflicts extra damage upon your enemies.
   It protects you against confusion.
 b - a +0 blowgun
 v - a +4 dagger of freezing (weapon)
Missiles
 e - 8 poisoned needles
 f - 7 curare-tipped needles
Armour
 w - the +2 robe of the Sunfish (worn) {rN+ rCorr}
   (You bought it in a shop in the Dungeon)

   It protects you from negative energy.
   It protects you from acid and corrosion.
 x - the +1 cloak "Cix Ase" (worn) {+Inv rC+ MR++ Regen+ Int-3}
   (You bought it in a shop in the Dungeon)

   It affects your intelligence (-3).
   It protects you from cold.
   It affects your resistance to hostile enchantments.
   It lets you turn invisible.
   It increases your rate of regeneration.
Jewellery
 r - an uncursed ring of fire
Wands
 c - a wand of slowing (16/48)
 d - a wand of paralysis (10/24)
 o - a wand of acid (0/15)
 p - a wand of acid (0/15)
Scrolls
 m - a scroll of blinking
 q - 2 scrolls of fear
Potions
 h - 4 potions of curing
 i - 3 potions of heal wounds
 j - a potion of haste
 k - 2 potions of magic
 l - a potion of mutation {unknown}
 n - a potion of resistance
Comestibles
 g - 3 bread rations


   Skills:
 + Level 10.4 Fighting
 + Level 15.0 Short Blades
 - Level 2.0 Throwing
 + Level 16.3 Dodging
 O Level 27 Stealth
 + Level 15.1 Evocations


You had 11 spell levels left.
You didn't know any spells.

Dungeon Overview and Level Annotations

Branches:
Dungeon (1/1)

Altars:
Cheibriados
Dithmenos
Elyvilon
Fedhas
Gozag
Hepliaklqana
Kikubaaqudgha
Makhleb
Nemelex Xobeh
Okawaru
Qazlal
Ru
Sif Muna
Trog
Uskayaw
Vehumet
Xom
Yredelemnul
Zin
The Shining One
Jiyva
Lugonu

Shops:
D ([*%(%:=:[:?[!%[**%[(


Innate Abilities, Weirdness & Mutations

You are very small and have problems with some larger weapons.
You are too small for most types of armour.
You have supernaturally acute eyesight. (SInv)
You are a herbivore.
You cover ground extremely quickly.
You need consume almost no food.
Your skin changes colour to match your surroundings (Stealth+).
You often lose your temper in combat.
You are clumsy. (Dex -2)
Armour fits poorly on your strangely shaped body.
Your body sometimes deteriorates upon taking damage.
You are very frail. (-20% HP)
You occasionally shout uncontrollably at your foes.
You expend magic power (3 MP) to strengthen your wands.


Message History

There is an arrow trap, spattered with blood here.
There is an open door here.
There is an open door here.
You see here a mace.
Really walk into a travel-excluded area?
There is an open door here.
There is an open door, spattered with blood here.
There is an open door, spattered with blood here.
There is an open door here.
There is an open door, spattered with blood here.
Evoke which item? (* to show all) (? for menu, Esc to quit)
Zapping:
d - a wand of paralysis (11/24)
Press: ? - help, Shift-Dir - straight line, f - fire giant
Aim: a fire giant, wielding a great sword of flaming (hasn't noticed you, umbra, chance to defeat MR: 30%)
The fire giant shouts!
The fire giant easily resists.
This wand has 10 charges left.
The fire giant gestures at you while chanting.
The fireball explodes!
The fireball engulfs you!
Ouch! That really hurt!
You die...

'###§§§#^...2#..###.#..≈e**+*,,,,
.'.#§..#*#++##.##...#,.≈#*,,,,,,,
##§#..##*,,**#..#+###,,≈*,,,,,,,,
##§#..#***,,*##...#,≈,,**,,,,,,,,
##§##'#,,*,,*,###.#,≈,,*,,,,,,,,,
##.##[#,,,,,,,,,#.#**,,*,,,,,,,,,
.'.####,,,,,,,,,#.#,+,,**,,,,,,,,
##†#,,+,,,,,,####'#,**+**,,,,,,,,
§#§#****,,,###..@.#,*≈≈≈**,,,,,,,
#§§#?[$#####.C.####,*≈≈≈≈**,,,,,,
####!....)...###,,,,*≈≈≈≈≈*******
#*,)!....#####,,,,****≈≈≈≈*≈≈≈≈≈*
#*,[C...**,,,,,,,,*,,*'≈≈≈'≈≈,≈≈'
*,.CC.**,,,,,,,,,*,,,**≈≈*≈≈≈≈≈*
#*,$$$,*,,,,,,,,,,*,,,,******'***
#**##*******,,,,,,*,,,,*≈≈≈≈≈≈≈≈≈
#*≈≈≈≈≈≈≈≈,*,,,,,,*******≈≈≈≈≈≈≈≈


You could see a fire giant.

Vanquished Creatures
  2 fire giants (D)
  2 centaur warriors (D)
  Sonja (D)
  A deep troll (D)
  7 unseen horrors (D)
  A lindwurm (D)
  8 shining eyes (D)
  An oklob plant (D)
  A gargoyle (D)
  2 kobold demonologists (D)
  4 demonic crawlers (D)
  A hornet (D)
  A slime creature (D)
  2 redbacks (D)
  Sigmund (D)
  A yak (D)
  13 hogs (D)
  6 floating eyes (D)
  7 necrophages (D)
  An ogre (D)
  8 jellies (D)
  Ijyb (D)
  3 ballistomycetes (D)
  A ballistomycete spore (D)
76 creatures vanquished.

Vanquished Creatures (others)
  A hydra (D)
  A siren (D)
  A gargoyle (D)
  2 hornets (D)
  A floating eye (D)
  A ballistomycete spore (D)
7 creatures vanquished.

Grand Total: 83 creatures vanquished

Notes
Turn   | Place    | Note
-------+----------+-------------------------------------------
     0 | D        | dobroeutro the Spriggan Assassin began the quest for the Orb.
     0 | D        | Reached XP level 1. HP: 10/10 MP: 2/2
     1 | D        | Noticed Ijyb
    22 | D        | Killed Ijyb
    22 | D        | Reached skill level 9 in Stealth
    22 | D        | Reached XP level 2. HP: 7/14 MP: 3/3
    44 | D        | Noticed an ogre
   191 | D        | Killed an ogre
   191 | D        | Reached skill level 12 in Stealth
   191 | D        | Reached XP level 3. HP: 18/18 MP: 4/4
   191 | D        | Reached XP level 4. HP: 22/22 MP: 5/5
   193 | D        | Noticed Sigmund
   196 | D        | Killed Sigmund
   196 | D        | Reached skill level 15 in Stealth
   196 | D        | Reached XP level 5. HP: 25/25 MP: 6/6
   208 | D        | Found a deep blue altar of Sif Muna.
   210 | D        | Found a radiant altar of Vehumet.
   214 | D        | Reached XP level 6. HP: 30/30 MP: 7/7
   224 | D        | Found Yxipnut's Food Emporium.
   224 | D        | Found an ancient bone altar of Kikubaaqudgha.
   224 | D        | Found a hazy altar of Hepliaklqana.
   224 | D        | Found a stormy altar of Qazlal.
   224 | D        | Found a hide-covered altar of Uskayaw.
   224 | D        | Found a blossoming altar of Fedhas.
   224 | D        | Found a bloodstained altar of Trog.
   224 | D        | Found an iron altar of Okawaru.
   224 | D        | Found a basalt altar of Yredelemnul.
   224 | D        | Found a glowing golden altar of the Shining One.
   224 | D        | Found a snail-covered altar of Cheibriados.
   224 | D        | Found a sacrificial altar of Ru.
   224 | D        | Found a glowing silver altar of Zin.
   224 | D        | Found a shadowy altar of Dithmenos.
   224 | D        | Found a white marble altar of Elyvilon.
   224 | D        | Noticed a yak
   225 | D        | Found an opulent altar of Gozag.
   226 | D        | Killed a yak
   226 | D        | Reached skill level 18 in Stealth
   227 | D        | Found a sparkling altar of Nemelex Xobeh.
   233 | D        | Became a worshipper of Dithmenos the Shadowed
   257 | D        | Noticed Sonja
   261 | D        | Killed Sonja
   261 | D        | Reached skill level 22 in Stealth
   261 | D        | Reached XP level 7. HP: 33/33 MP: 8/8
   280 | D        | Found Mounloha's Antique Weapon Boutique.
   289 | D        | Noticed a shining eye
   289 | D        | Noticed a shining eye
   289 | D        | Noticed a shining eye
   307 | D        | Noticed a centaur warrior
   310 | D        | Noticed a centaur warrior
   312 | D        | Killed a centaur warrior
   312 | D        | Reached skill level 24 in Stealth
   312 | D        | Reached XP level 8. HP: 37/37 MP: 9/9
   314 | D        | Killed a centaur warrior
   314 | D        | Reached * piety under Dithmenos
   314 | D        | Reached skill level 26 in Stealth
   314 | D        | Reached XP level 9. HP: 41/41 MP: 10/10
   335 | D        | Noticed an oklob plant
   337 | D        | Killed an oklob plant
   337 | D        | Reached skill level 27 in Stealth
   337 | D        | Reached skill level 1 in Evocations
   346 | D        | Reached ** piety under Dithmenos
   381 | D        | Noticed an unseen horror
   382 | D        | Noticed an unseen horror
   388 | D        | Killed an unseen horror
   388 | D        | Reached skill level 5 in Evocations
   390 | D        | Killed an unseen horror
   390 | D        | Reached *** piety under Dithmenos
   390 | D        | Reached skill level 10 in Short Blades
   390 | D        | Reached XP level 10. HP: 51/51 MP: 12/15
   423 | D        | Noticed a deep troll
   435 | D        | Killed a deep troll
   435 | D        | Reached skill level 5 in Fighting
   500 | D        | Found a viscous altar of Jiyva.
   500 | D        | Found a corrupted altar of Lugonu.
   501 | D        | Found a burning altar of Makhleb.
   501 | D        | Found a shimmering altar of Xom.
   518 | D        | Reached **** piety under Dithmenos
   527 | D        | Reached ***** piety under Dithmenos
   527 | D        | Reached skill level 10 in Dodging
   618 | D        | Noticed a gargoyle
   627 | D        | Noticed a lindwurm
   631 | D        | Killed a lindwurm
   665 | D        | Reached skill level 10 in Evocations
   767 | D        | Killed a gargoyle
   845 | D        | Noticed a lorocyproca
   885 | D        | Found Ceocwof's Armour Emporium.
  1035 | D        | Reached XP level 11. HP: 58/58 MP: 19/19
  1036 | D        | Reached ****** piety under Dithmenos
  1195 | D        | Found Texi's Jewellery Shoppe.
  1195 | D        | Found Payz's Book Shop.
  1195 | D        | Found Ecriut's Book Boutique.
  1197 | D        | Found Pegab's Antique Armour Emporium.
  1197 | D        | Found Voublenee's Book Shop.
  1197 | D        | Found Pag Ovorph's Magic Scroll Shoppe.
  1197 | D        | Found Perch's Antique Armour Boutique.
  1197 | D        | Found Bithrock's Distillery.
  1197 | D        | Found Emips's Food Shop.
  1197 | D        | Found Vin Seud's Armour Shoppe.
  1200 | D        | Found Heum's General Store.
  1201 | D        | Found Ymnuats's Food Emporium.
  1201 | D        | Found Xeste's General Store.
  1202 | D        | Found Xufazufy's Antique Weapon Emporium.
  1262 | D        | Bought an ancient robe for 131 gold pieces
  1272 | D        | Identified the +2 robe of the Sunfish {rN+ rCorr} (You bought it in a shop in the Dungeon)
  1277 | D        | Bought the +1 cloak "Cix Ase" {+Inv rC+ MR++ Regen+ Int-3} for 326 gold pieces
  1281 | D        | Bought a potion of heal wounds for 70 gold pieces
  1294 | D        | Bought a scroll of enchant weapon for 75 gold pieces
  1532 | D        | Noticed a daeva
  1539 | D        | Noticed an unseen horror
  1539 | D        | Noticed an unseen horror
  1539 | D        | Noticed an unseen horror
  1540 | D        | Noticed an unseen horror
  1542 | D        | Killed an unseen horror
  1543 | D        | Noticed an unseen horror
  1544 | D        | Killed an unseen horror
  1545 | D        | Killed an unseen horror
  1547 | D        | Killed an unseen horror
  1549 | D        | Killed an unseen horror
  1665 | D        | Noticed a fire giant
  1668 | D        | Noticed a fire giant
  1669 | D        | Noticed a fire giant
  1670 | D        | Noticed a fire giant
  1672 | D        | Killed a fire giant
  1745 | D        | Killed a 12-headed hydra
  1806 | D        | Noticed a deep elf annihilator
  2057 | D        | Noticed a shining eye
  2057 | D        | Noticed a shining eye
  2057 | D        | Noticed a shining eye
  2064 | D        | Noticed a shining eye
  2064 | D        | Noticed a shining eye
  2065 | D        | Killed a shining eye
  2069 | D        | Gained mutation: You are frail. (-10% HP) [a shining eye]
  2075 | D        | Paralysed by a floating eye for 4 turns
  2094 | D        | Gained mutation: You expend magic power (3 MP) to strengthen your wands. [a shining eye]
  2099 | D        | Gained mutation: You tend to lose your temper in combat. [a shining eye]
  2102 | D        | Gained mutation: You are clumsy. (Dex -2) [a shining eye]
  2105 | D        | Gained mutation: You occasionally shout uncontrollably at your foes. [a shining eye]
  2106 | D        | Killed a shining eye
  2106 | D        | Reached skill level 15 in Dodging
  2113 | D        | Killed a shining eye
  2116 | D        | Killed a shining eye
  2116 | D        | Reached XP level 12. HP: 59/59 MP: 23/23
  2122 | D        | Gained mutation: Armour fits poorly on your strangely shaped body. [a shining eye]
  2242 | D        | Gained mutation: Your body sometimes deteriorates upon taking damage. [a shining eye]
  2244 | D        | Gained mutation: Your skin changes colour to match your surroundings (Stealth+). [a shining eye]
  2253 | D        | Gained mutation: You often lose your temper in combat. [a shining eye]
  2267 | D        | Gained mutation: You are very frail. (-20% HP) [a shining eye]
  2269 | D        | Reached skill level 10 in Fighting
  2311 | D        | Found Owoireb's Antique Armour Shoppe.
  2311 | D        | Found Qozuptan's Antique Weapon Shop.
  2311 | D        | Found Xame's General Store.
  2311 | D        | Found Buokorop's Food Boutique.
  2317 | D        | Bought a wand of paralysis (12/24) for 182 gold pieces
  2370 | D        | Killed a fire giant
  2370 | D        | Reached skill level 15 in Short Blades
  2370 | D        | Reached skill level 15 in Evocations
  2408 | D        | Killed from afar by a fire giant

Skill      XL: |  1  2  3  4  5  6  7  8  9 10 11 12 |
---------------+-------------------------------------+-----
Short Blades   | 4 6 8 10 11 14 15 | 15.0
Stealth        | 9 12 15 22 24 26 27 | 27.0
Fighting       | 4 6 9 10 | 10.4
Dodging        | 7 11 15 16 | 16.3
Evocations     | 6 10 14 15 | 15.1
Throwing       | |  2.0

Action                   |  1- 3 |  4- 6 |  7- 9 | 10-12 || total
-------------------------+-------+-------+-------+-------++-------
Melee: Dagger            |     1 |     4 |    19 |   359 ||   383
 Fire: Blowgun           |    10 |       |       |       ||    10
Evoke: Wand              |       |       |       |    12 ||    12
  Use: Scroll            |       |       |       |     6 ||     6
       Potion            |       |       |       |     1 ||     1
 Stab: Sleeping          |     1 |     4 |     8 |    30 ||    43
       Distracted        |       |       |       |     4 ||     4
       Paralysed         |       |       |       |     1 ||     1
Armor: Robe              |     1 |       |       |     8 ||     9
       Troll leather arm |       |       |       |     7 ||     7
Dodge: Dodged            |     3 |       |       |   165 ||   168
